 Dungeon Crawl Stone Soup version 0.20-a0-1050-g57248f3 (webtiles) character file.

65042 Gorglomux the Executioner (level 15, -7/189 HPs)
             Began as a Hill Orc Berserker on Apr 24, 2017.
             Was a High Priest of Trog.
             Mangled by Agnes
             ... wielding a +2 lajatang of pain
              (22 damage)
             ... on level 14 of the Dungeon on Apr 25, 2017.
             The game lasted 00:38:16 (22356 turns).

Gorglomux the Executioner (Hill Orc Berserker)     Turns: 22356, Time: 00:38:17

Health: -7/189     AC: 20    Str: 27    XL:     15   Next: 15%
Magic:  15/15      EV: 17    Int: 16    God:    Trog [*****.]
Gold:   786        SH:  0    Dex: 15    Spells: 14/14 levels left

rFire    . . .     SeeInvis .   h - +3 executioner's axe (elec)
rCold    + + .     Gourm    +   (shield currently unavailable)
rNeg     . . .     Faith    .   g - +2 plate armour {rC+}
rPois    .         Spirit   .   U - +1 helmet {Int+3}
rElec    .         Reflect  .   M - scarf {rC+}
rCorr    .         Harm     .   F - +0 pair of gloves "Wocissim" {Int+6} (curse)
MR       +++..                  (no boots)
Stlth    ..........             e - amulet of the gourmand {Gourm, !d}
Regen    1.5/turn               N - +3 ring of evasion
MPRegen  0.2/turn               H - +3 ring of evasion

@: berserking (expiring), regenerating, very quick
A: no striking features
a: Berserk, Trog's Hand, Brothers in Arms, Burn Spellbooks, Renounce Religion


You were on level 14 of the Dungeon.
You worshipped Trog.
Trog was extremely pleased with you.
You were full.

You visited 2 branches of the dungeon, and saw 20 of its levels.

You collected 1680 gold pieces.
You spent 894 gold pieces at shops.

Inventory:

Hand Weapons
 b - the +10 whip of Asiabloa {flame, *Slow rF+ rN+}
   (You found it on level 5 of the Dungeon)

   It has been specially enchanted to burn those struck by it, causing extra
   injury to most foes and up to half again as much damage against particularly
   susceptible opponents.
   It protects you from fire.
   It protects you from negative energy.
   It may slow you when you take damage.
 h - a +3 executioner's axe of electrocution (weapon)
   (Trog gifted it to you on level 3 of the Lair of Beasts)
 r - a +5 antimagic demon blade
   (Trog gifted it to you on level 13 of the Dungeon)
Missiles
 A - 5 throwing nets {=f, !d}
Armour
 g - a +2 plate armour of cold resistance (worn)
   (You found it on level 3 of the Lair of Beasts)
 F - the cursed +0 pair of gloves "Wocissim" (worn) {Int+6}
   (You found it on level 5 of the Lair of Beasts)

   It affects your intelligence (+6).
   It has a curse placed upon it.
 M - a scarf of cold resistance (worn)
   (You found it on level 6 of the Lair of Beasts)
 U - a +1 helmet of intelligence (worn)
   (You found it on level 6 of the Lair of Beasts)
Jewellery
 e - an amulet of the gourmand (around neck) {Gourm, !d}
   (You found it on level 3 of the Dungeon)
 H - a +3 ring of evasion (right hand)
   (You found it on level 4 of the Dungeon)
 N - a +3 ring of evasion (left hand)
   (You found it on level 6 of the Lair of Beasts)
Wands
 a - a wand of random effects (3/48)
   (You found it on level 13 of the Dungeon)
 d - a wand of paralysis (13/24)
   (You found it on level 3 of the Lair of Beasts)
 m - a wand of digging (5/24)
   (You found it on level 2 of the Dungeon)
 L - a wand of polymorph (8/24)
   (You found it on level 6 of the Dungeon)
 P - a wand of scattershot (5/9)
   (You found it on level 6 of the Lair of Beasts)
 T - a wand of lightning (5/15)
   (You found it on level 11 of the Dungeon)
 V - a wand of iceblast (11/15)
   (You took it off a kobold on level 10 of the Dungeon)
Scrolls
 f - 9 scrolls of remove curse
 i - 4 scrolls of recharging
 j - 9 scrolls of magic mapping {!r}
 o - a scroll of torment {!r}
 y - a scroll of identify
 z - 15 scrolls of teleportation
 C - 2 scrolls of blinking {!r}
 D - 5 scrolls of fear
 G - a scroll of fog
 Y - a scroll of summoning
Potions
 k - 3 potions of heal wounds
 l - a potion of cancellation
 n - a potion of mutation {!q}
 p - a potion of resistance
 q - 2 potions of invisibility
 t - 7 potions of curing
 u - 7 potions of lignification {!q}
 w - 4 potions of ambrosia
 I - 3 potions of flight
 J - a potion of might
 O - 2 potions of berserk rage {!q}
 S - 4 potions of haste
 X - 3 potions of agility
Miscellaneous
 x - a lamp of fire
   (You found it on level 13 of the Dungeon)
 B - a lightning rod (4/4)
   (You found it on level 14 of the Dungeon)
 E - a phantom mirror
Comestibles
 c - 11 bread rations {@e1@e1}
 s - 21 royal jellies
 v - 10 meat rations {@e2@e2}
 Q - 18 fruits


   Skills:
 - Level 9.7 Fighting
 - Level 8.2 Long Blades
 + Level 24.5 Axes
 - Level 10.3 Armour
 - Level 5.7 Dodging


You had 14 spell levels left.
You didn't know any spells.

Dungeon Overview and Level Annotations

Branches:
Dungeon (14/15)            Temple (0/1) D:7            Lair (6/6) D:8
 Shoals (0/4) Lair:4        Snake (0/4) Lair:2        Slime (0/5) Lair:5
    Orc (0/2) D:9          Vaults (0/5) D:13

Altars:
Fedhas
Ru
Vehumet
Xom

Shops:
D:4 *   D:5 !   D:7 **}   D:10 !   D:11 :

Annotations:
D:14 Agnes


Message History

No target in view!
No target in view!
Things that are here:
a short sword; a chain mail There isn't anything to butcher here.
You start resting.
Health restored: 126
Things that are here:
a dagger; a robe; an orc corpse Unknown command.
There is an open door here.
Found a stone staircase leading down.
Unknown command.
Unknown command.
You open the door.
There is an open door here.
You open the door.
There is an open door here.
You see here a long sword.
A scorpion comes into view.
Unknown command.
A scorpion is nearby!
Unknown command.
The scorpion stings you but does no damage.
You hit the scorpion but do no damage.
The scorpion stings you but does no damage.
You closely miss the scorpion. You closely miss the scorpion.
The scorpion stings you but does no damage.
You closely miss the scorpion. The scorpion barely misses you.
You hit the scorpion.
The scorpion stings you but does no damage.
You carve the scorpion like a ham!!! Lightning courses through the scorpion!
You kill the scorpion!
Trog accepts your kill.
No target in view!
No target in view!
Agnes the Wanderer comes into view.
She is wielding a lajatang of pain.
Here: Agnes, wielding a lajatang of pain and wearing a robe The floor.
Your skin crawls.
You feel resistant to hostile enchantments.
You feel somewhat less full. Agnes hits you with a lajatang of pain.
You writhe in agony.
You take 9 damage, and have 117/126 hp.
A red film seems to cover your vision as you go berserk!
You feel yourself moving faster!
You feel mighty! Agnes closely misses you.
You now have 177/189 hp.
You slice Agnes!!
Agnes hits you with a lajatang of pain!!
You writhe in agony.
You take 23 damage, and have 154/189 hp.
You closely miss Agnes. Agnes hits you with a lajatang of pain!
You writhe in agony.
You take 10 damage, and have 144/189 hp.
You miss Agnes. Agnes hits you with a lajatang of pain.
You writhe in agony.
You take 6 damage, and have 138/189 hp.
You closely miss Agnes. You miss Agnes.
Agnes hits you with a lajatang of pain!!
You writhe in agony.
You take 22 damage, and have 116/189 hp.
You miss Agnes.
Agnes bows.
Agnes closely misses you.
You miss Agnes. You miss Agnes. Agnes hits you with a lajatang of pain!
You writhe in agony.
You take 9 damage, and have 108/189 hp.
You slice Agnes!! Lightning courses through Agnes!
Agnes hits you with a lajatang of pain!!
You writhe in agony.
You take 22 damage, and have 86/189 hp.
You barely miss Agnes. Agnes barely misses you.
You miss Agnes. You closely miss Agnes. Agnes misses you.
You slash Agnes! Agnes hits you with a lajatang of pain.
You take 5 damage, and have 83/189 hp.
You closely miss Agnes.
Agnes hits you with a lajatang of pain!!
* * * LOW HITPOINT WARNING * * *
You take 28 damage, and have 55/189 hp.
You barely miss Agnes. You miss Agnes. Agnes hits you with a lajatang of pain!
* * * LOW HITPOINT WARNING * * *
You writhe in agony.
* * * LOW HITPOINT WARNING * * *
You take 16 damage, and have 40/189 hp.
You slash Agnes! Lightning courses through Agnes!
Agnes hits you but does no damage.
You writhe in agony.
* * * LOW HITPOINT WARNING * * *
You take 1 damage, and have 39/189 hp.
You miss Agnes.
Agnes hits you with a lajatang of pain!!
* * * LOW HITPOINT WARNING * * *
You writhe in agony.
* * * LOW HITPOINT WARNING * * *
You take 25 damage, and have 14/189 hp.
You miss Agnes.
Agnes hits you with a lajatang of pain!!
You die...

###.### #......
#.##### #.# ##'#####
############# #.......
#...........###.......
+..(........).'.......
#....@......###.....))
#...i#####..# #.....).
#.... #..# #.......
#.... #..# #.......
...... #..# #[......
.#.##+# #### #.......
#. #....... # #.......
#.......


You could see Agnes.

Vanquished Creatures
  Gastronok (D:12)
  Nessos (Lair:5)
  4 dire elephants (Lair:6)
  The ghost of zhorgal the Grappler, a journeyman TrEE of Okawaru (Lair:2)
  Harold (Lair:2)
  Josephine (D:12)
  An anaconda (Lair:6)
  The ghost of herpmino the Cleaver, a journeyman FoFi of Ru (D:11)
  Erolcha (D:12)
  A catoblepas (Lair:2)
  4 two-headed ogres
  A tengu warrior (D:13)
  Sonja (Lair:4)
  10 skeletal warriors
  2 unseen horrors (D:10)
  A wizard (D:13)
  2 ugly things (D:11)
  A cyclops (D:13)
  6 centaur zombies
  2 black mambas
  A torpor snail (Lair:5)
  11 elephants
  10 spiny frogs
  A rime drake (Lair:5)
  11 komodo dragons
  2 hellwings (D:8)
  3 meliai (D:12)
  A polar bear (Lair:6)
  A queen bee (D:12)
  Grinder (D:3)
  3 trolls
  9 blink frogs (Lair:6)
  A snapping turtle (Lair:4)
  10 hippogriffs
  A vampire (D:13)
  4 wraiths (D:12)
  4 hogs (D:7)
  39 yaks
  5 wyverns
  A human (D:7)
  2 hungry ghosts
  4 basilisks
  Menkaure (D:6)
  2 nagas (Lair:2)
  The ghost of Kokiki the Shield-Bearer, an amateur GrFi (D:3)
  A soldier ant (D:10)
  10 porcupines
  Duvessa (D:5)
  10 water moccasins
  5 ice beasts
  8 orc warriors
  6 sky beasts
  2 phantoms
  2 black bears
  7 ogres
  6 wolves
  3 boggarts (D:13)
  7 centaurs
  14 crocodiles
  5 big kobolds
  17 bullfrogs
  A wyvern zombie (D:8)
  A wyvern skeleton (D:11)
  2 water moccasin zombies
  7 scorpions
  Dowan (D:5)
  37 killer bees
  32 wights
  4 electric eels
  A howler monkey (D:5)
  9 crimson imps
  6 hounds
  A quasit (D:13)
  A bullfrog zombie (D:5)
  4 jellies
  A bullfrog skeleton (D:5)
  4 centaur skeletons
  A gnoll shaman (D:10)
  9 orc priests
  17 orc wizards
  7 iguanas
  5 worker ants
  15 gnolls
  3 worker ant zombies
  8 adders
  7 shadow imps
  3 worms
  2 dart slugs
  3 leopard geckos
  47 orcs
  5 ball pythons
  2 giant cockroaches
  10 goblins
  6 hobgoblins
  3 jackals (D:3)
  4 quokkas
  7 bats
  5 frilled lizards
  29 kobolds
  A leopard gecko skeleton (D:6)
  2 quokka zombies (D:5)
  4 rats
  5 fungi
  7 plants
605 creatures vanquished.

Vanquished Creatures (others)
  12 fungi
  8 plants
20 creatures vanquished.

Grand Total: 625 creatures vanquished

Notes
Turn   | Place    | Note
-------+----------+-------------------------------------------
     0 | D:1      | Gorglomux the Hill Orc Berserker began the quest for the Orb.
     0 | D:1      | Reached XP level 1. HP: 19/19 MP: 1/1
   214 | D:1      | HP: 7/28 [goblin (2)]
   476 | D:1      | Reached XP level 2. HP: 22/26 MP: 2/2
   584 | D:1      | Reached skill level 5 in Axes
   592 | D:1      | HP: 6/26 [kobold/dagger (3)]
  1434 | D:2      | Reached XP level 3. HP: 22/31 MP: 3/3
  2145 | D:3      | HP: 11/46 [adder (1)]
  2148 | D:3      | Reached skill level 6 in Axes
  2150 | D:3      | HP: 9/46 [poisoned by an adder]
  2157 | D:3      | HP: 4/31 [poisoned by an adder]
  2164 | D:3      | HP: 2/31 [poisoned by an adder]
  2169 | D:3      | HP: 1/31 [poisoned by an adder]
  2473 | D:3      | Found a faded altar of an unknown god.
  2482 | D:3      | Reached XP level 4. HP: 39/39 MP: 4/4
  2516 | D:3      | Noticed Kokiki's ghost (amateur GrFi)
  2534 | D:3      | Killed Kokiki's ghost
  2534 | D:3      | Reached skill level 8 in Axes
  2534 | D:3      | Reached XP level 5. HP: 44/45 MP: 5/5
  2587 | D:3      | Noticed Grinder
  2601 | D:3      | Killed Grinder
  2601 | D:3      | Reached skill level 9 in Axes
  2601 | D:3      | Reached XP level 6. HP: 51/51 MP: 6/6
  2789 | D:3      | Reached ** piety under Trog
  3260 | D:4      | Reached skill level 10 in Axes
  3260 | D:4      | Reached XP level 7. HP: 53/57 MP: 7/7
  3383 | D:4      | Found Oxkaemer's Assorted Antiques.
  3400 | D:4      | Bought a scroll labeled KUFOAKHL QUWIC for 18 gold pieces
  3400 | D:4      | Bought a scroll labeled WYNEJ CAVOIBBU for 18 gold pieces
  3400 | D:4      | Bought a scroll labeled MAOMMUWUOR for 18 gold pieces
  3400 | D:4      | Bought a scroll labeled LALAVONOMI for 18 gold pieces
  3400 | D:4      | Bought a scroll labeled BYVUAV USCHO for 18 gold pieces
  3400 | D:4      | Bought a scroll labeled GOSMIOQULI for 18 gold pieces
  3476 | D:4      | Reached skill level 11 in Axes
  3979 | D:5      | Entered Level 5 of the Dungeon
  4116 | D:5      | Reached XP level 8. HP: 64/64 MP: 8/8
  4154 | D:5      | Got a faintly glowing whip
  4155 | D:5      | Identified the +10 whip of Asiabloa {flame, *Slow rF+ rN+} (You found it on level 5 of the Dungeon)
  4250 | D:5      | Reached skill level 12 in Axes
  4383 | D:5      | Noticed Dowan
  4384 | D:5      | Noticed Duvessa
  4390 | D:5      | Killed Dowan
  4393 | D:5      | Killed Duvessa
  4446 | D:5      | Found Lourch's Distillery.
  4460 | D:5      | Bought a potion of brilliance for 40 gold pieces
  4460 | D:5      | Bought a potion of lignification for 30 gold pieces
  4460 | D:5      | Bought a potion of flight for 30 gold pieces
  4460 | D:5      | Bought a potion of might for 40 gold pieces
  4460 | D:5      | Bought a potion of ambrosia for 80 gold pieces
  4569 | D:5      | Reached *** piety under Trog
  4569 | D:5      | Reached skill level 13 in Axes
  4928 | D:6      | Noticed Menkaure
  4933 | D:6      | Killed Menkaure
  4944 | D:6      | Reached skill level 14 in Axes
  5102 | D:6      | Reached XP level 9. HP: 70/70 MP: 9/9
  5505 | D:7      | Found a blossoming altar of Fedhas.
  5562 | D:7      | Found a staircase to the Ecumenical Temple.
  5620 | D:7      | Found Herusch's Gadget Emporium.
  5644 | D:7      | Found Tuifod's Assorted Antiques.
  5672 | D:7      | Reached skill level 15 in Axes
  5681 | D:7      | Bought a scroll labeled WYNEJ CAVOIBBU for 23 gold pieces
  5681 | D:7      | Bought a scroll labeled XIOWKEL MEAJ for 23 gold pieces
  5681 | D:7      | Bought a blue potion for 20 gold pieces
  5681 | D:7      | Bought a murky grey potion for 20 gold pieces
  5721 | D:7      | Found Icofoniw's General Store.
  5854 | D:7      | Reached skill level 16 in Axes
  6159 | D:8      | Reached **** piety under Trog
  6159 | D:8      | Reached XP level 10. HP: 77/77 MP: 10/10
  6164 | D:8      | Reached skill level 17 in Axes
  6170 | D:8      | Found a staircase to the Lair.
  6175 | D:8      | HP: 26/115 [crocodile (13)]
  6179 | D:8      | Reached skill level 18 in Axes
  7034 | D:7      | HP: 19/77 [poisoned by a killer bee]
  7040 | D:7      | HP: 16/77 [poisoned by a killer bee]
  7045 | D:7      | HP: 15/77 [poisoned by a killer bee]
  7052 | D:7      | HP: 15/77 [poisoned by a killer bee]
  7060 | D:7      | HP: 15/77 [poisoned by a killer bee]
  7148 | D:7      | HP: 19/77 [poisoned by a killer bee]
  7154 | D:7      | HP: 18/77 [poisoned by a killer bee]
  7161 | D:7      | HP: 17/77 [poisoned by a killer bee]
  7535 | D:8      | Reached skill level 19 in Axes
  7582 | D:8      | HP: 19/77 [hellwing (9)]
  7585 | D:8      | HP: 9/77 [hellwing (4)]
  7590 | D:8      | HP: 11/77 [poisoned by an adder]
  7597 | D:8      | Reached XP level 11. HP: 14/82 MP: 11/11
  7848 | D:8      | Reached ***** piety under Trog
  7857 | D:8      | Reached skill level 20 in Axes
  8076 | D:8      | Reached skill level 3 in Armour
  8236 | D:8      | Found a sacrificial altar of Ru.
  8337 | D:9      | Found a staircase to the Orcish Mines.
  8383 | D:9      | Reached skill level 4 in Fighting
  8390 | D:9      | Reached skill level 2 in Dodging
  8661 | D:9      | You fall through a shaft!
  8661 | D:10     | Entered Level 10 of the Dungeon
  8674 | D:10     | Reached skill level 4 in Armour
  8705 | D:10     | Noticed a two-headed ogre
  8714 | D:10     | Killed a two-headed ogre
  9146 | D:10     | Killed an unseen horror
  9146 | D:10     | Reached skill level 5 in Fighting
  9146 | D:10     | Reached skill level 5 in Armour
  9166 | D:10     | Killed an unseen horror
  9478 | D:10     | Reached skill level 6 in Armour
  9501 | D:10     | Found Suden's Distillery.
  9504 | D:10     | Bought a potion of haste for 160 gold pieces
  9504 | D:10     | Bought a potion of ambrosia for 128 gold pieces
  9504 | D:10     | Bought a potion of heal wounds for 80 gold pieces
  9504 | D:10     | Bought a potion of agility for 64 gold pieces
  9504 | D:10     | Bought a potion of lignification for 48 gold pieces
  9569 | D:10     | Reached skill level 3 in Dodging
  9950 | D:9      | Got a polished quarterstaff
  9951 | D:9      | Identified the +10 quarterstaff of the Lesser Evil {crush, Dex+5} (You found it on level 9 of the Dungeon)
  9997 | D:9      | Noticed a two-headed ogre
 10010 | D:9      | Killed a two-headed ogre
 10010 | D:9      | Reached skill level 6 in Fighting
 10289 | D:9      | Reached XP level 12. HP: 85/96 MP: 12/12
 10291 | D:9      | Reached skill level 7 in Armour
 10389 | D:9      | Received a gift from Trog
 10557 | Lair:1   | Entered Level 1 of the Lair of Beasts
 10755 | Lair:1   | Reached skill level 4 in Dodging
 10855 | Lair:1   | Got a dazzling scimitar
 10856 | Lair:1   | Identified the +10 scimitar of Kadouk {antimagic, rF+ Int+2 Dex+3} (You found it on level 1 of the Lair of Beasts)
 11312 | Lair:1   | Reached skill level 8 in Armour
 11675 | Lair:1   | Reached skill level 7 in Fighting
 11921 | Lair:2   | Noticed a catoblepas
 11927 | Lair:2   | Killed a catoblepas
 12315 | Lair:2   | Found a staircase to the Snake Pit.
 12318 | Lair:2   | Reached skill level 8 in Fighting
 12319 | Lair:2   | Reached skill level 9 in Armour
 12380 | Lair:2   | Noticed zhorgal's ghost (journeyman TrEE)
 12390 | Lair:2   | Killed zhorgal's ghost
 12390 | Lair:2   | Reached skill level 5 in Dodging
 12417 | Lair:2   | Noticed Harold
 12431 | Lair:2   | Killed Harold
 12431 | Lair:2   | Reached skill level 9 in Fighting
 12833 | Lair:2   | Upgraded the game from 0.20-a0-1043-gbd57889 to 0.20-a0-1050-g57248f3
 13260 | Lair:3   | Reached skill level 10 in Armour
 13265 | Lair:3   | Reached XP level 13. HP: 111/111 MP: 13/13
 13429 | Lair:3   | Reached ****** piety under Trog
 13969 | Lair:3   | Received a gift from Trog
 14092 | Lair:4   | Reached skill level 1 in Long Blades
 14271 | Lair:4   | Reached skill level 2 in Long Blades
 14280 | Lair:4   | Reached skill level 3 in Long Blades
 14334 | Lair:4   | Noticed Sonja
 14341 | Lair:4   | Killed Sonja
 14564 | Lair:4   | Reached skill level 4 in Long Blades
 14725 | Lair:4   | Found a staircase to the Shoals.
 15159 | Lair:4   | Reached skill level 5 in Long Blades
 15173 | Lair:4   | HP: 28/112 [poisoned by a black mamba]
 15178 | Lair:4   | HP: 22/112 [poisoned by a black mamba]
 15183 | Lair:4   | HP: 19/112 [poisoned by a black mamba]
 15189 | Lair:4   | HP: 18/112 [poisoned by a black mamba]
 15197 | Lair:4   | HP: 19/112 [poisoned by a black mamba]
 15654 | Lair:5   | Found a staircase to the Slime Pits.
 15664 | Lair:5   | Reached skill level 6 in Long Blades
 15678 | Lair:5   | HP: 28/112 [poisoned by a spiny frog]
 15683 | Lair:5   | HP: 21/112 [poisoned by a spiny frog]
 15688 | Lair:5   | HP: 18/112 [poisoned by a spiny frog]
 15694 | Lair:4   | HP: 16/112 [poisoned by a spiny frog]
 15699 | Lair:4   | HP: 17/112 [poisoned by a spiny frog]
 16066 | Lair:5   | Reached skill level 7 in Long Blades
 16231 | Lair:5   | Noticed Nessos
 16239 | Lair:5   | Killed Nessos
 16239 | Lair:5   | Reached skill level 8 in Long Blades
 16811 | Lair:5   | Got a pair of faintly humming gloves
 16822 | Lair:5   | Identified the cursed +0 pair of gloves "Wocissim" {Int+6} (You found it on level 5 of the Lair of Beasts)
 17007 | Lair:6   | Entered Level 6 of the Lair of Beasts
 17051 | Lair:6   | HP: 28/112 [yak (11)]
 17377 | Lair:6   | Reached skill level 21 in Axes
 17565 | Lair:6   | Received a gift from Trog
 17986 | Lair:6   | Reached XP level 14. HP: 119/119 MP: 14/14
 18043 | Lair:6   | Found a radiant altar of Vehumet.
 18651 | Lair:6   | Noticed a dire elephant
 18656 | Lair:6   | Killed a dire elephant
 18719 | Lair:6   | Noticed a dire elephant
 18719 | Lair:6   | Noticed a dire elephant
 18729 | Lair:6   | Killed a dire elephant
 18733 | Lair:6   | Killed a dire elephant
 18733 | Lair:6   | Reached skill level 22 in Axes
 18805 | Lair:6   | Noticed a dire elephant
 18814 | Lair:6   | Killed a dire elephant
 19606 | D:11     | Noticed herpmino's ghost (journeyman FoFi)
 19619 | D:11     | Killed herpmino's ghost
 19955 | D:11     | Found Kiwoyvosk's Book Boutique.
 20581 | D:12     | Received a gift from Trog
 20731 | D:12     | Reached skill level 23 in Axes
 20894 | D:12     | Noticed Erolcha
 20901 | D:12     | Killed Erolcha
 21123 | D:12     | Noticed Gastronok
 21135 | D:12     | Killed Gastronok
 21193 | D:12     | Noticed Josephine
 21205 | D:12     | Killed Josephine
 21490 | D:12     | Reached skill level 24 in Axes
 21622 | D:13     | Reached XP level 15. HP: 108/126 MP: 15/15
 21826 | D:13     | Received a gift from Trog
 21877 | D:13     | Found a gate to the Vaults.
 22208 | D:14     | Found a shimmering altar of Xom.
 22335 | D:14     | Noticed Agnes
 22353 | D:14     | HP: 43/189 [Agnes/lajatang of pain (14)]
 22355 | D:14     | HP: 19/189 [Agnes/lajatang of pain (20)]
 22356 | D:14     | Mangled by Agnes

Vault maps used:
D:1:      dpeg_arrival_central, corexii_leaking_fountain, st_stairs_11
D:2:      hangedman_abyss_or_decor_lesser_grid, minivault_5,
          minmay_stone_trees_medium, grunt_ministairs_2
D:3:      chequers_ecumenical_altar_simple, minmay_shallow_snake_nest,
          uniq_grinder
D:4:      cheibrodos_old_hovel, serial_shops, nicolae_shop_overgrown_old_shop,
          first_bread
D:5:      serial_shops, nicolae_shop_statue_plus, corner_web_ring,
          minmay_misc_feat_rows, uniq_duvessa
D:6:      uniq_menkaure
D:7:      lemuel_crystal_altar, minmay_temple_entry_poolview, serial_shops,
          shop, shop_coins, shop, grunt_livestock, bh_chokoban, st_stairs_10
D:8:      cheibrodos_grave_circle, minmay_lair_entry_grove,
          nicolae_ru_path_of_blood
D:9:      orc_0_dummy, minmay_liquid_box
D:10:     serial_shops, shop
D:11:     serial_shops, kennysheep_little_box
D:12:     special_room, roderic_ancient_swastika, uniq_gastronok, uniq_erolcha,
          uniq_josephine
D:13:     david_vaults_1
D:14:     hangedman_abyss_or_decor_clamps, serial_shops, shop, xom_shifter_show,
          uniq_urug, uniq_agnes
Lair:1:   serial_bayou_pond_b, beast_lair_carwin_3, infiniplex_staircase_pool
Lair:2:   guppyfry_snake_entry_island, grunt_megastairs_5, uniq_harold
Lair:3:   lemuel_fruit_tree
Lair:4:   minmay_shoals_entry_hut, grunt_megastairs_3, serial_bayou_shore_a,
          uniq_sonja
Lair:5:   slime_dummy, enter_volcano_2, serial_bayou_pond_d,
          beast_lair_carwin_4, lemuel_fruit_fields, uniq_nessos
Lair:6:   due_jungle_book, basic_altar

Skill      XL: |  1  2  3  4  5  6  7  8  9 10 11 12 13 14 |
---------------+-------------------------------------------+-----
Axes           | 5 6 8 9 10 11 14 16 19 20 21 24 | 24.5
Armour         | 6 10 | 10.3
Fighting       | 6 9 |  9.7
Dodging        | 3 5 |  5.7
Long Blades    | 8 |  8.2

Action                   |  1- 3 |  4- 6 |  7- 9 | 10-12 | 13-15 || total
-------------------------+-------+-------+-------+-------+-------++-------
Melee: Hand axe          |    81 |    35 |       |       |       ||   116
       War axe           |       |    42 |    93 |       |       ||   135
       Whip              |       |       |    85 |    12 |       ||    97
       Battleaxe         |       |       |    52 |   534 |    28 ||   614
       Quarterstaff      |       |       |       |     6 |       ||     6
       Scimitar          |       |       |       |    17 |       ||    17
       Executioner's axe |       |       |       |       |   702 ||   702
Throw: Throwing net      |       |       |       |     1 |       ||     1
Invok: Berserk           |     7 |     2 |     9 |    16 |    17 ||    51
       Trog's Hand       |       |       |       |     3 |     5 ||     8
       Burn Spellbooks   |       |       |       |     1 |     4 ||     5
Evoke: Wand              |       |       |       |     1 |     4 ||     5
  Use: Potion            |       |     1 |       |     1 |     2 ||     4
       Scroll            |       |     2 |     8 |    12 |     8 ||    30
 Stab: Sleeping          |     1 |     2 |       |       |       ||     3
       Invisible         |       |     1 |       |     1 |       ||     2
       Paralysed         |       |       |       |       |     4 ||     4
  Eat: Chunk             |     7 |    15 |    27 |    39 |    54 ||   142
       Bread ration      |     1 |       |       |       |       ||     1
       Royal jelly       |       |       |       |       |     3 ||     3
Armor: Animal skin       |    11 |     2 |       |       |       ||    13
       Ring mail         |       |    24 |     3 |       |       ||    27
       Chain mail        |       |       |    55 |   195 |       ||   250
       Plate armour      |       |       |       |       |   294 ||   294
       Skin              |       |       |       |       |     3 ||     3
Dodge: Dodged            |    57 |    42 |   126 |   261 |   377 ||   863
       Rpst.: Scimitar   |       |       |       |     2 |       ||     2

Vault maps used:
D:1:      dpeg_arrival_central, corexii_leaking_fountain, st_stairs_11
D:2:      hangedman_abyss_or_decor_lesser_grid, minivault_5,
          minmay_stone_trees_medium, grunt_ministairs_2
D:3:      chequers_ecumenical_altar_simple, minmay_shallow_snake_nest,
          uniq_grinder
D:4:      cheibrodos_old_hovel, serial_shops, nicolae_shop_overgrown_old_shop,
          first_bread
D:5:      serial_shops, nicolae_shop_statue_plus, corner_web_ring,
          minmay_misc_feat_rows, uniq_duvessa
D:6:      uniq_menkaure
D:7:      lemuel_crystal_altar, minmay_temple_entry_poolview, serial_shops,
          shop, shop_coins, shop, grunt_livestock, bh_chokoban, st_stairs_10
D:8:      cheibrodos_grave_circle, minmay_lair_entry_grove,
          nicolae_ru_path_of_blood
D:9:      orc_0_dummy, minmay_liquid_box
D:10:     serial_shops, shop
D:11:     serial_shops, kennysheep_little_box
D:12:     special_room, roderic_ancient_swastika, uniq_gastronok, uniq_erolcha,
          uniq_josephine
D:13:     david_vaults_1
D:14:     hangedman_abyss_or_decor_clamps, serial_shops, shop, xom_shifter_show,
          uniq_urug, uniq_agnes
Lair:1:   serial_bayou_pond_b, beast_lair_carwin_3, infiniplex_staircase_pool
Lair:2:   guppyfry_snake_entry_island, grunt_megastairs_5, uniq_harold
Lair:3:   lemuel_fruit_tree
Lair:4:   minmay_shoals_entry_hut, grunt_megastairs_3, serial_bayou_shore_a,
          uniq_sonja
Lair:5:   slime_dummy, enter_volcano_2, serial_bayou_pond_d,
          beast_lair_carwin_4, lemuel_fruit_fields, uniq_nessos
Lair:6:   due_jungle_book, basic_altar

Table legend:
 A = Turns spent in this place as a percentage of turns spent in the entire game.
 B = Non-inter-level travel turns spent in this place as a percentage of non-inter-level travel turns spent in the entire game.
 C = Inter-level travel turns spent in this place as a percentage of turns spent in this place.
 D = Turns resting spent in this place as a percentage of non-inter-level travel turns spent in this place.
 E = Turns spent auto-exploring this place as a percentage of non-inter-level travel turns spent in this place.
 F = Non-inter-level travel turns spent in this place divided by the number of levels of this place that you've seen.
                   A       B       C       D       E      F
               +-------+-------+-------+-------+-------+----------------------
         Total | 100.0 | 100.0 |   0.5 |   4.7 |   8.4 | 318.9
       Dungeon |  68.4 |  68.4 |   0.4 |   4.4 |   9.2 | 311.8
          Lair |  31.6 |  31.6 |   0.5 |   5.6 |   6.7 | 335.5
               +-------+-------+-------+-------+-------+----------------------

Table legend:
 A = Kills in this place as a percentage of kills in entire the game.
 B = Kills by you in this place as a percentage of kills by you in the entire game.
 C = Kills by friends in this place as a percentage of kills by friends in the entire game.
 D = Other kills in this place as a percentage of other kills in the entire game.
 E = Experience gained in this place as a percentage of experience gained in the entire game.
 F = Experience gained in this place divided by the number of levels of this place that you have seen.
                   A       B       C       D       E      F
               +-------+-------+-------+-------+-------+----------------------
         Total | 100.0 | 100.0 |  -nan |  -nan | 100.0 | 4645.9
       Dungeon |  74.5 |  74.5 |  -nan |  -nan |  52.2 | 3462.6
          Lair |  25.5 |  25.5 |  -nan |  -nan |  47.8 | 7407.0
               +-------+-------+-------+-------+-------+----------------------
